 Dungeon Crawl Stone Soup version 0.27.1-1-g398f81649c (webtiles) character file.

Game seed: 18162457831496384736

137 ZARRMARR the Sneak (level 5, 0/37 HPs)
             Began as an Octopode Monk on Sept 9, 2021.
             Slain by an orc (2 damage)
             ... on level 3 of the Dungeon.
             The game lasted 00:03:26 (2101 turns).

ZARRMARR the Sneak (Octopode Monk)                  Turns: 2101, Time: 00:03:27

Health: 0/37       AC:  1    Str: 10    XL:     5   Next: 20%
Magic:  5/5        EV: 14    Int: 14    God:
Gold:   69         SH:  0    Dex: 14    Spells: 4/4 levels left

rFire    . . .     SeeInvis .   a - +0 short sword
rCold    . . .     Faith    .   (no shield)
rNeg     . . .     Spirit   .   (helmet restricted)
rPois    .         Reflect  .   (no amulet)
rElec    .         Harm     .   (no ring)
rCorr    .         Rampage  .   (no ring)
Will     .....                  (no ring)
Stlth    ++++......             (no ring)
HPRegen  0.12/turn              (no ring)
MPRegen  0.09/turn              (no ring)
                                (no ring)
                                (no ring)

@: no status effects
A: almost no armour, amphibious, 8 rings, camouflage 1, gelatinous body 1,
(nimble swimmer 1), tentacles
a: no special abilities


You were on level 3 of the Dungeon.
You visited 1 branch of the dungeon, and saw 3 of its levels.

You collected 69 gold pieces.

Inventory:

Hand Weapons
 a - a +0 short sword (weapon)
Missiles
 f - 5 silver javelins (quivered)
Scrolls
 c - a scroll of torment {unknown}
 e - a scroll of teleportation
 h - 3 scrolls of blinking {unknown}
 j - a scroll of magic mapping {unknown}
Potions
 b - a potion of lignification {unknown}
 d - a potion of haste {unknown}
 g - a potion of resistance {unknown}
 i - a potion of cancellation {unknown}


   Skills:
 + Level 3.8 Fighting
 + Level 3.8 Short Blades
 + Level 3.8 Dodging
 + Level 4.3 Stealth


You had 4 spell levels left.
You didn't know any spells.
Your spell library contained the following spells:

 Spells                   Type           Power      Damage    Failure   Level
 Magic Dart               Conj           0%         1d3       28%         1
 Searing Ray              Conj           0%         3d3       41%         2
 Fulminant Prism          Conj/Hex       0%         3d6       96%         4


Dungeon Overview and Level Annotations

Branches:
Dungeon (3/15)

Altars:


Innate Abilities, Weirdness & Mutations

You cannot wear most types of armour.
You are amphibious.
You can wear up to eight rings at the same time.
Your skin changes colour to match your surroundings (Stealth+).
Your rubbery body absorbs attacks. (AC +1, EV +1)
((You are camouflaged near water. (Stealth+)))
You have tentacles for arms and can constrict up to eight enemies at once.


Message History

The orc hits you but does no damage.
An orc priest comes into view. It is wielding a +0 club.
You hit the orc but do no damage.
The orc is moderately wounded.
You constrict the orc.
The orc hits you from afar with a +0 trident.
The orc hits you with a +0 club.
You hit the orc but do no damage. You squeeze the orc.
You kill the orc!
The orc hits you from afar with a +0 trident!
The orc misses you.
Items here: ) ? [ †.
You closely miss the orc. You grab the orc. You constrict the orc.
The orc hits you with a +0 trident! The orc hits you with a +0 war axe.
You hit the orc.
The orc is heavily wounded.
You constrict the orc. The orc hits you with a +0 trident.
* * * LOW HITPOINT WARNING * * *
The orc hits you with a +0 war axe.
* * * LOW HITPOINT WARNING * * *
You hit the orc.
You kill the orc!
You closely miss the orc priest. You grab the orc priest.
You squeeze the orc priest!
The orc priest is heavily wounded.
You constrict the orc priest. The orc priest hits you with a +0 club.
* * * LOW HITPOINT WARNING * * *
You hit the orc priest.
The orc priest is almost dead.
You constrict the orc priest, but do no damage.
The orc priest hits you with a +0 club.
* * * LOW HITPOINT WARNING * * *
The orc hits you with a +0 short sword.
* * * LOW HITPOINT WARNING * * *
The orc closely misses you.
You hit the orc priest but do no damage.
You squeeze the orc priest.
You kill the orc priest!
The orc hits you with a +0 short sword.
You die...

#.#####.).....##....#.#
... .....######..†.#.#
...#.#[. #....#.#
.......##.# #....#.#
####.## #.# #....#.# #.
#.. #..).#.#
#.#####.####....#.#######
......oo..'....'........
######@###....#.#######
#)# ######.# #.. #.# ##.#
#.# .# #.# .. ... #. #.#
..


You could see 2 orcs.

Vanquished Creatures
  3 orc priests (D:3)
  2 adders (D:2)
  2 worms
  5 orcs (D:3)
  3 bats
  4 endoplasms
  2 goblins
  7 hobgoblins
  8 jackals
  7 kobolds
  2 ball pythons
  A frilled lizard (D:1)
  A rat (D:1)
47 creatures vanquished.

Vanquished Creatures (others)
  3 fungi (D:1)
  A plant (D:2)
4 creatures vanquished.

Grand Total: 51 creatures vanquished

Notes
Turn   | Place    | Note
-------+----------+-------------------------------------------
     0 | D:1      | ZARRMARR the Octopode Monk began the quest for the Orb.
     0 | D:1      | Reached XP level 1. HP: 16/16 MP: 1/1
    26 | D:1      | Reached skill level 3 in Stealth
    26 | D:1      | Reached XP level 2. HP: 18/21 MP: 2/2
   466 | D:1      | Found a faded altar of an unknown god.
   680 | D:2      | Reached XP level 3. HP: 26/26 MP: 3/3
  1279 | D:2      | Reached XP level 4. HP: 31/31 MP: 4/4
  1707 | D:3      | Reached skill level 4 in Stealth
  1725 | D:3      | Reached XP level 5. HP: 5/37 MP: 5/5
  2101 | D:3      | Slain by an orc

Illustrated notes

Levels and vault maps discovered:
D:1:      minmay_arrival_four_houses, layout_rooms,
          shapermc_ecumenical_altar_hornbeckon
D:2:      cheibrodos_old_hovel, layout_loops_ring, grunt_ministairs_15,
          hangedman_abyss_or_decor_stabs
D:3:      layout_basic

Skill      XL: |  1  2  3  4 |
---------------+-------------+-----
Stealth        | 3 4 |  4.3
Fighting       | |  3.8
Short Blades   | |  3.8
Dodging        | |  3.8

Action                   |  1- 3 |  4- 6 || total
-------------------------+-------+-------++-------
Melee: Short sword       |    67 |    39 ||   106
       Constrict         |    18 |     8 ||    26
       Tentacles         |    12 |     8 ||    20
  Use: Scroll            |     2 |       ||     2
 Stab: Sleeping          |     6 |     6 ||    12
       Distracted        |     1 |       ||     1
Armor: Skin              |     2 |     1 ||     3
Dodge: Dodged            |    47 |    14 ||    61
